 Dungeon Crawl Stone Soup version 0.23.2-1-ga50397a (webtiles) character file.

Game seed: 11560597540877791581

339 xveg the Skirmisher (level 6, 0/49 HPs)
             Began as a Demonspawn Abyssal Knight on May 15, 2019.
             Was a Believer of Lugonu.
             Succumbed to Crazy Yiuf's poison
             ... on level 3 of the Dungeon.
             The game lasted 00:08:15 (2986 turns).

xveg the Skirmisher (Demonspawn Abyssal Knight)     Turns: 2986, Time: 00:08:16

Health: 0/49       AC: 15    Str: 13    XL:     6   Next: 29%
Magic:  7/7        EV: 18    Int: 13    God:    Lugonu [**....]
Gold:   158        SH:  0    Dex: 16    Spells: 5/5 levels left

rFire    + . .     SeeInvis .   j - -1 spear
rCold    . . .     Gourm    .   (no shield)
rNeg     . . .     Faith    .   g - +1 plate armour
rPois    .         Spirit   .   (no helmet)
rElec    .         Reflect  .   (no cloak)
rCorr    .         Harm     .   n - +0 pair of gloves
MR       .....                  (no boots)
Stlth    ..........             m - amulet of the acrobat
HPRegen  0.16/turn              i - +4 ring of dexterity
MPRegen  0.10/turn              (no ring)

@: lethally poisoned (0 -> -11), acrobat, hasted, very quick
A: hooves 2, thin metallic scales 1, deterioration 1, fire resistance 1, weak 1,
rot immunity
a: Depart the Abyss, Bend Space, Renounce Religion


You were on level 3 of the Dungeon.
You worshipped Lugonu.
Lugonu was pleased with you.
You were not hungry.

You visited 1 branch of the dungeon, and saw 3 of its levels.
You visited the Abyss 1 time.

You collected 158 gold pieces.

Inventory:

Hand Weapons
 a - a +1 hand axe
 j - a -1 spear (weapon)
Missiles
 d - 90 bolts
 l - 2 throwing nets (quivered)
Armour
 b - a +0 leather armour
 g - a +1 plate armour (worn)
 n - a +0 pair of gloves (worn)
Jewellery
 i - a +4 ring of dexterity (left hand)
 m - an amulet of the acrobat (around neck)
 q - an uncursed amulet of regeneration {unknown}
Wands
 p - a wand of random effects (16)
Scrolls
 e - 2 scrolls of teleportation
 f - 3 scrolls of enchant weapon
 h - 5 scrolls of identify
 o - a scroll of immolation {unknown}
 s - a scroll of enchant armour
Potions
 k - 2 potions of haste
Comestibles
 c - 4 rations


   Skills:
 + Level 4.6 Fighting
 + Level 4.0(4.1) Axes
 + Level 1.0(2.7) Polearms
 + Level 3.1 Armour
 + Level 1.0 Dodging
 + Level 0.6 Stealth
 + Level 2.6 Invocations


You had 5 spell levels left.
You didn't know any spells.
Your spell library was empty.

Dungeon Overview and Level Annotations

Branches:
Dungeon (3/15)

Altars:
Wu Jian

Annotations:
D:3 Crazy Yiuf


Innate Abilities, Weirdness & Mutations

You have hoof-like feet.
You are partially covered in thin metallic scales. (AC +2)
You are immune to rotting.
Your body sometimes deteriorates upon taking damage.
Your flesh is heat resistant. (rF+)
You are weak. (Str -2)


Message History

You feel less confused.
* * * LOW HITPOINT WARNING * * *
You feel sick.
* * * LOW HITPOINT WARNING * * *
You feel sick.
* * * LOW HITPOINT WARNING * * *
You feel sick.
* * * LOW HITPOINT WARNING * * *
You feel sick.
* * * LOW HITPOINT WARNING * * *
You feel sick.
* * * LOW HITPOINT WARNING * * *
You feel sick.
Crazy Yiuf grits, "Citrus!
Whippet senile toodlewoodle."
Crazy Yiuf says, "Fire!
Castle turtle toodlewoodle."
Crazy Yiuf barely misses you.
You feel yourself speed up.
* * * LOW HITPOINT WARNING * * *
You feel sick.
You die...

.# #)#####.#........# .#####.#
#.########.######## .....#.#
#.# #...#[......#### .#######
### #.##.######..... .# #.##.#
###### .# #.##.# .# ###
♣♣###.##†########## ## #)..#♣♣
♣♣.#...##.#........# #
#...'.♣♣♣♣g..@...#.#.######.##
# #...#♣..♣.PP.........#
#...... # ###
♣♣♣.♣.P#.##.#..## #.##.## #
♣♣♣♣♣####.##.####.#...# ##
#....#.##........ .# ###
########..#.##.#.....# ## #.#
#.##.###..#.##.#..#### #####.#
#.#...##..#.##.#..# ......#
#......)))#.##.#..#


You could see Crazy Yiuf.

Vanquished Creatures
  An ogre (D:2)
  A scorpion (D:2)
  A worker ant (D:3)
  9 adders
  An ooze (D:3)
  3 worms
  A dart slug (D:1)
  4 leopard geckos
  6 orcs (D:3)
  6 giant cockroaches
  6 goblins
  5 hobgoblins
  6 jackals (D:2)
  3 quokkas
  12 bats
  3 frilled lizards (D:2)
  11 kobolds
  8 rats
  A fungus (D:3)
88 creatures vanquished.

Notes
Turn   | Place    | Note
-------+----------+-------------------------------------------
     0 | Abyss:1  | xveg the Demonspawn Abyssal Knight began the quest for the
                  | Orb.
     0 | Abyss:1  | Reached XP level 1. HP: 18/18 MP: 2/2
    63 | Abyss:1  | Noticed a bone dragon
    65 | D:1      | Escaped the Abyss
   148 | D:1      | Reached * piety under Lugonu
   148 | D:1      | Gained mutation: You are immune to rotting. [demonic
                  | ancestry]
   148 | D:1      | Reached XP level 2. HP: 14/24 MP: 3/3
   644 | D:2      | Reached XP level 3. HP: 29/29 MP: 4/4
  1030 | D:3      | Reached ** piety under Lugonu
  1030 | D:3      | Gained mutation: You have large cloven feet. [demonic
                  | ancestry]
  1030 | D:3      | Reached XP level 4. HP: 8/37 MP: 5/5
  1606 | D:2      | Gained mutation: You are partially covered in thin metallic
                  | scales. (AC +2) [demonic ancestry]
  1606 | D:2      | Reached XP level 5. HP: 37/42 MP: 6/6
  1631 | D:2      | Noticed an ogre
  1635 | D:2      | Killed an ogre
  1635 | D:2      | Reached skill level 1 in Dodging
  1731 | D:2      | Found an ornate altar of the Wu Jian Council.
  1857 | D:2      | Gained mutation: Your body sometimes deteriorates upon
                  | taking damage. [potion of mutation]
  1857 | D:2      | Gained mutation: You are weak. (Str -2) [potion of
                  | mutation]
  1857 | D:2      | Gained mutation: Your flesh is heat resistant. (rF+)
                  | [potion of mutation]
  1974 | D:2      | Found a faded altar of an unknown god.
  2272 | D:3      | Gained mutation: You have hoof-like feet. [demonic
                  | ancestry]
  2272 | D:3      | Reached XP level 6. HP: 44/49 MP: 7/7
  2791 | D:3      | Reached skill level 1 in Polearms
  2944 | D:3      | Found a runed translucent door.
  2945 | D:3      | Noticed Crazy Yiuf
  2984 | D:3      | HP: 2/49 [poisoned by Crazy Yiuf]
  2986 | D:3      | Succumbed to Crazy Yiuf's poison

Skill      XL: |  1  2  3  4  5  6 |
---------------+-------------------+-----
Axes           | 2 3 4 |  4.0
Armour         | 2 3 |  3.1
Fighting       | 4 |  4.6
Dodging        | 1 |  1.0
Polearms       | 1 |  1.0
Stealth        | |  0.6
Invocations    | |  2.6

Action                   |  1- 3 |  4- 6 || total
-------------------------+-------+-------++-------
Melee: Hand axe          |   130 |    49 ||   179
       Kick              |       |    67 ||    67
       Spear             |       |   224 ||   224
Invok: Depart the Abyss  |     1 |       ||     1
  Use: Scroll            |       |     7 ||     7
       Potion            |       |     3 ||     3
 Stab: Distracted        |       |     1 ||     1
  Eat: Chunk             |       |     6 ||     6
       Ration            |       |     1 ||     1
Armor: Plate armour      |   222 |   194 ||   416
Dodge: Dodged            |    38 |    59 ||    97
